 Dungeon Crawl Stone Soup version 0.18.1-48-g4cf74bf (webtiles) character file.

252 Gargoyl the Skirmisher (level 5, -17/42 HPs)
             Began as a Demonspawn Abyssal Knight on July 7, 2016.
             Was a Priest of Lugonu.
             Demolished by an ogre
             ... wielding a +0 giant spiked club
              (20 damage)
             ... on level 4 of the Dungeon.
             The game lasted 00:07:17 (3966 turns).

Gargoyl the Skirmisher (Demonspawn Abyssal Knight)  Turns: 3966, Time: 00:07:18

Health: -17/42     AC: 11    Str: 14    XL:     5   Next: 89%
Magic:  7/7        EV: 10    Int: 16    God:    Lugonu [***...]
Gold:   172        SH:  2    Dex: 12    Spells: 0 memorised, 4 levels left

rFire  . . .     SeeInvis .     a - +2 hand axe
rCold  + . .     Gourm    .     n - +0 scale mail
rNeg   + . .     Faith    .     (no shield)
rPois  .         Spirit   .     (helmet restricted)
rElec  .         Dismiss  .     i - +0 cloak
rCorr  .         Reflect  .     (no gloves)
SustAt .         Harm     .     m - +0 pair of boots
MR     .....                    x - amulet of magic regeneration
Stlth  ..........               y - +3 ring of intelligence
                                q - ring of positive energy

@: not resistant to hostile enchantments, extremely unstealthy
A: horns 1, large bone plates 1, cold resistance 1
a: Depart the Abyss, Bend Space, Banish, Renounce Religion


You were on level 4 of the Dungeon.
You worshipped Lugonu.
Lugonu was most pleased with you.
You were not hungry.

You visited 1 branch of the dungeon, and saw 4 of its levels.
You visited the Abyss 1 time.

You collected 172 gold pieces.

Inventory:

Hand Weapons
 a - a +2 hand axe (weapon)
Missiles
 k - 11 tomahawks (quivered)
Armour
 i - a +0 cloak (worn)
 m - a +0 pair of boots (worn)
 n - a +0 scale mail (worn)
Jewellery
 q - a ring of positive energy (left hand)
 x - an amulet of magic regeneration (around neck)
 y - a +3 ring of intelligence (right hand)
Scrolls
 d - 2 scrolls of identify
 g - a scroll of amnesia {unknown}
 t - 2 scrolls of blinking
 B - a scroll of magic mapping {unknown}
 C - a scroll of teleportation {unknown}
Potions
 e - a potion of mutation {unknown}
 h - 5 potions of curing
 j - 2 potions of flight {unknown}
 l - 3 potions of might
 o - 2 potions of haste {unknown}
 p - a potion of degeneration {unknown}
 r - a potion of brilliance {unknown}
 s - a potion of beneficial mutation {unknown}
 u - a potion of lignification {unknown}
 v - a potion of berserk rage {unknown}
 w - a potion of magic {unknown}
 z - a potion of heal wounds {unknown}
 A - a potion of invisibility {unknown}
Comestibles
 b - 3 meat rations
 c - 2 bread rations
 f - a beef jerky


   Skills:
 + Level 3.9 Fighting
 + Level 3.0 Axes
 + Level 0.3 Throwing
 * Level 3.4 Armour
 + Level 2.5 Dodging
 + Level 2.7 Invocations


You had 4 spell levels left.
You didn't know any spells.

Dungeon Overview and Level Annotations

Branches:
Dungeon (4/15)             Temple (0/1) D:4

Altars:
Elyvilon
Nemelex Xobeh
Sif Muna
Xom
Zin
The Shining One


Innate Abilities, Weirdness & Mutations

You have a pair of small horns on your head.
You are partially covered in large bone plates (AC +2, SH +2).
Your flesh is cold resistant.


Message History

Press: ? - help, Shift-Dir - straight line, f - ogre
Aim: an ogre, wielding a giant spiked club You throw a tomahawk.
The tomahawk completely misses the ogre.
You hit the ogre.
The ogre is lightly wounded.
The ogre hits you but does no damage.
You hit the ogre. You headbutt the ogre.
The ogre is moderately wounded.
The ogre hits you with a giant spiked club!!
Ouch! That really hurt!
You hit the ogre.
The ogre is heavily wounded.
The ogre hits you with a giant spiked club!
* * * LOW HITPOINT WARNING * * *
Press: ? - help, Shift-Dir - straight line, f/p - ogre
Aim: an ogre, wielding a giant spiked club (heavily wounded, chance to defeat MR: 81%)
You fail to use your ability.
The ogre hits you with a giant spiked club!!
You die...

## ###### #........
#.####### ###.# ##.#####
##.#.# ##### #...(..#
##########.#..###....
#.###.................###
#......O@.....#..........
#####.#######.#.#.#######
#.# #.....# #.#
#####.#.#.# #.#
#.....#.#.# #.#
#.#####.#.# #.#
###P###.#.# #.#
#⌠_.'...#.# #⌠_.'...#.#


You could see an ogre.

Vanquished Creatures
  Natasha (twice) (D:2)
  Ijyb (D:2)
  A worker ant (D:4)
  7 adders
  An ooze (D:2)
  2 worms (D:2)
  2 dart slugs
  3 giant geckos
  An orc (D:3)
  A ball python (D:4)
  11 bats
  A giant cockroach (D:2)
  4 hobgoblins
  3 jackals (D:2)
  2 giant newts
  17 goblins
  12 kobolds
  10 rats
81 creatures vanquished.

Vanquished Creatures (others)
  5 sheep (D:3)
  A plant (D:4)
6 creatures vanquished.

Grand Total: 87 creatures vanquished

Notes
Turn   | Place    | Note
--------------------------------------------------------------
     0 | Abyss:1  | Gargoyl the Demonspawn Abyssal Knight began the quest for the Orb.
     0 | Abyss:1  | Reached XP level 1. HP: 18/18 MP: 2/2
    77 | Abyss:1  | Noticed a sixfirhy
    82 | D:1      | Escaped the Abyss
   162 | D:1      | Reached * piety under Lugonu
   220 | D:1      | Found a glowing golden altar of the Shining One.
   365 | D:1      | Gained mutation: You are partially covered in large bone plates (AC +2, SH +2). [demonic ancestry]
   365 | D:1      | Reached XP level 2. HP: 24/24 MP: 3/3
   578 | D:1      | Reached skill level 1 in Dodging
  1117 | D:2      | Reached XP level 3. HP: 27/29 MP: 5/5
  1410 | D:2      | Gained mutation: Your flesh is cold resistant. [demonic ancestry]
  1410 | D:2      | Reached XP level 4. HP: 18/36 MP: 6/6
  1618 | D:2      | Reached ** piety under Lugonu
  2105 | D:2      | Noticed Natasha
  2116 | D:2      | Killed Natasha
  2272 | D:2      | Noticed Ijyb
  2300 | D:2      | Killed Ijyb
  2300 | D:2      | Gained mutation: You have a pair of small horns on your head. [demonic ancestry]
  2300 | D:2      | Reached XP level 5. HP: 40/42 MP: 7/7
  2353 | D:2      | Noticed Natasha
  2358 | D:2      | Killed Natasha
  2486 | D:2      | Found a glowing silver altar of Zin.
  2486 | D:2      | Found a white marble altar of Elyvilon.
  2487 | D:2      | Found a glowing golden altar of the Shining One.
  2926 | D:3      | Found a shimmering altar of Xom.
  3050 | D:3      | Reached *** piety under Lugonu
  3824 | D:4      | Found a staircase to the Ecumenical Temple.
  3903 | D:4      | Found a deep blue altar of Sif Muna.
  3903 | D:4      | Found a sparkling altar of Nemelex Xobeh.
  3954 | D:4      | Noticed an ogre
  3958 | D:4      | HP: 2/42 [ogre/giant spiked club (15)]
  3966 | D:4      | Demolished by an ogre

Skill      XL: |  1  2  3  4  5 |
---------------+----------------+-----
Dodging        | 1 2 |  2.5
Armour         | 2 3 |  3.4
Axes           | 2 3 |  3.0
Fighting       | |  3.9
Throwing       | |  0.3
Invocations    | |  2.7

Action                   |  1- 3 |  4- 6 || total
-------------------------+-------+-------++-------
Melee: Hand axe          |   121 |   163 ||   284
       Headbutt          |       |    12 ||    12
Throw: Tomahawk          |     4 |     1 ||     5
Invok: Depart the Abyss  |     1 |       ||     1
  Use: Potion            |       |     1 ||     1
       Scroll            |       |    10 ||    10
  Eat: Chunk             |     2 |     7 ||     9
       Pizza             |       |     1 ||     1
Armor: Ring mail         |    56 |       ||    56
       Scale mail        |    19 |    96 ||   115
Dodge: Dodged            |    71 |    97 ||   168
Block: Other             |    10 |    14 ||    24
